 Dungeon Crawl Stone Soup version 0.26-a0-224-g2964c8cf50 (webtiles) character file.

Game seed: 12518822668214045787

74 tilp the Sneak (level 4, -2/21 HPs)
             Began as a Spriggan Enchanter on July 6, 2020.
             Slain by a gnoll
             ... wielding a +2 spear of venom
              (6 damage)
             ... on level 3 of the Dungeon.
             The game lasted 00:04:25 (2113 turns).

tilp the Sneak (Spriggan Enchanter)                 Turns: 2113, Time: 00:04:25

Health: -2/21      AC:  3    Str:  4    XL:     4   Next: 10%
Magic:  3/10       EV: 18    Int: 17    God:
Gold:   174        SH:  0    Dex: 16    Spells: 1/10 levels left

rFire    . . .     SeeInvis +   a - +1 dagger
rCold    . . .     Faith    .   (shield restricted)
rNeg     . . .     Spirit   .   b - +0 robe
rPois    .         Reflect  .   (helmet restricted)
rElec    .         Harm     .   j - +0 cloak
rCorr    .                      (gloves unavailable)
MR       .....                  (boots unavailable)
Stlth    +++.......             (no amulet)
HPRegen  0.07/turn              (no ring)
MPRegen  0.12/turn              (no ring)

@: confusing touch, very slightly contaminated, very quick
A: very small, unfitting armour, see invisible, herbivore, speed 3, slow
metabolism 2
a: no special abilities


You were on level 3 of the Dungeon.
You were not hungry.

You visited 1 branch of the dungeon, and saw 3 of its levels.

You collected 174 gold pieces.

Inventory:

Hand Weapons
 a - a +1 dagger (weapon)
Missiles
 h - 16 poisoned darts (quivered)
Armour
 b - a +0 robe (worn)
 j - a +0 cloak (worn)
Jewellery
 e - an uncursed ring of magical power {unknown}
 o - an uncursed ring of wizardry {unknown}
Scrolls
 i - a scroll of remove curse {unknown}
 k - a scroll of random uselessness {unknown}
 l - a scroll of blinking {unknown}
 n - a scroll of fear {unknown}
Potions
 d - 2 potions of cancellation
 f - a potion of heal wounds
 g - a potion of might {unknown}
 m - a potion of brilliance {unknown}
Comestibles
 c - 7 rations


   Skills:
 + Level 2.4 Short Blades
 - Level 3.0 Dodging
 + Level 5.6 Stealth
 + Level 3.7 Spellcasting
 - Level 4.0 Hexes


You had one spell level left.
You knew the following spells:

 Your Spells              Type           Power        Failure   Level
a - Corona                Hex            ###....      3%          1
b - Ensorcelled Hibernat  Hex/Ice        #.....       11%         2
c - Confusing Touch       Hex            ###.....     10%         3
d - Dazzling Flash        Conj/Hex       #.....       22%         3

Your spell library contained the following spells:

 Spells                   Type           Power        Failure   Level
 Tukima's Dance           Hex            ###.....     10%         3


Dungeon Overview and Level Annotations

Branches:
Dungeon (3/15)

Altars:
Ashenzari
Nemelex Xobeh
Okawaru


Innate Abilities, Weirdness & Mutations

You are very small and have problems with some larger weapons.
You are too small for most types of armour.
You have supernaturally acute eyesight. (SInv)
You are a herbivore.
You cover ground extremely quickly.
You need to consume almost no food.


Message History

The gnoll resists with some effort.
The gnoll hits you.
You hit the gnoll.
The gnoll is lightly wounded.
The gnoll closely misses you. The gnoll barely misses you.
There is a stone staircase leading up here.
A gnoll is nearby!
Casting: Ensorcelled Hibernation (safe; 11% risk of failure)
Confirm with . or Enter, or press ? or * to list all spells.
The spell is extremely dangerous to cast (10% risk of failure)!
Continue anyway?
Your hands begin to glow red.
You hit the gnoll but do no damage.
The gnoll is lightly wounded.
The gnoll barely misses you.
You hit the gnoll but do no damage.
The gnoll is lightly wounded.
The gnoll misses you. The gnoll hits you!
* * * LOW HITPOINT WARNING * * *
Unknown command.
The gnoll hits you from afar with a +2 spear of venom.
You die...

### #@# #g# #g#
###### #.#
#....##### #.#
'....'..[#######.#
#....###.#.......#
#....# #.#..g#####
#.)..# #.#g#.#


You could see 2 gnolls.

Vanquished Creatures
  An adder (D:2)
  An ooze (D:1)
  A worm (D:2)
  3 dart slugs
  A giant cockroach (D:1)
  6 goblins
  3 hobgoblins
  6 jackals (D:1)
  11 kobolds
  A quokka (D:2)
  9 bats
  4 frilled lizards
  4 rats
51 creatures vanquished.

Notes
Turn   | Place    | Note
-------+----------+-------------------------------------------
     0 | D:1      | tilp the Spriggan Enchanter began the quest for the Orb.
     0 | D:1      | Reached XP level 1. HP: 9/9 MP: 5/5
   368 | D:1      | Reached XP level 2. HP: 13/13 MP: 6/6
   372 | D:1      | Learned a level 2 spell: Ensorcelled Hibernation
   658 | D:1      | Reached skill level 5 in Stealth
   937 | D:1      | Reached XP level 3. HP: 15/16 MP: 8/8
  1234 | D:2      | Found a faded altar of an unknown god.
  1333 | D:2      | Found an iron altar of Okawaru.
  1440 | D:2      | Found a shattered altar of Ashenzari.
  1440 | D:2      | Found a sparkling altar of Nemelex Xobeh.
  1864 | D:3      | Learned a level 3 spell: Confusing Touch
  1868 | D:3      | Learned a level 3 spell: Dazzling Flash
  1901 | D:3      | Reached XP level 4. HP: 20/21 MP: 7/10
  2113 | D:3      | Slain by a gnoll

Illustrated notes

Levels and vault maps discovered:
D:1:      wander_arrival_desolate, layout_loops_ring, serial_forest,
          infiniplex_forest_lined_room_, infiniplex_forest_clump_medium,
          infiniplex_forest_corner_1, infiniplex_forest_end_2,
          infiniplex_forest_clump_double, infiniplex_forest_clump_diagonal,
          infiniplex_forest_clump_medium, infiniplex_forest_clump_small,
          infiniplex_forest_clump_tiny, infiniplex_forest_corner_2
D:2:      layout_rooms, overflow_temple_1_default,
          amethyst_overflow_temple_binary,
          chequers_ecumenical_altar_simple_redux, first_ration,
          corexii_corridor_pit
D:3:      layout_basic, minmay_joined_circles, uniq_natasha, uniq_ijyb

Skill      XL: |  1  2  3 |
---------------+----------+-----
Spellcasting   | 3 |  3.7
Hexes          | 4 |  4.0
Stealth        | 5 |  5.6
Short Blades   | 2 |  2.4
Dodging        | |  3.0

Action                   |  1- 3 |  4- 6 || total
-------------------------+-------+-------++-------
Melee: Dagger            |   160 |    24 ||   184
Throw: Stone             |     1 |       ||     1
 Cast: Corona            |    15 |       ||    15
       Ensorcelled Hiber |     9 |     3 ||    12
       Confusing Touch   |       |     1 ||     1
  Use: Scroll            |     3 |       ||     3
 Stab: Sleeping          |    23 |     3 ||    26
Armor: Robe              |    14 |     2 ||    16
Dodge: Dodged            |   122 |    23 ||   145

Table legend:
 A = Non-vault XP
 B = Vault XP
 C = Vault XP percentage of total XP
 D = Non-vault monster count
 E = Vault monster count
 F = Vault count percentage of total count
                 A         B        C        D         E       F
            +---------+---------+-------+---------+---------+-------
      Total |     107 |       0 |   0.0 |      51 |       0 |   0.0
            +---------+---------+-------+---------+---------+-------
        D:1 |      50 |       0 |   0.0 |      25 |       0 |   0.0
        D:2 |      46 |       0 |   0.0 |      18 |       0 |   0.0
        D:3 |      11 |       0 |   0.0 |       8 |       0 |   0.0
            +---------+---------+-------+---------+---------+-------
